 Dungeon Crawl Stone Soup version 0.17.1-2-g5865329 (webtiles) character file.

8919 RedPan the Cleaver (level 11, 0/97 HPs)
             Began as a White Draconian Conjurer on Jan 23, 2016.
             Was a Believer of Vehumet.
             Slain by a komodo dragon (29 damage)
             ... on level 1 of the Lair of Beasts.
             The game lasted 00:48:25 (12916 turns).

RedPan the Cleaver (White Draconian Conjurer)      Turns: 12916, Time: 00:48:25

Health: 0/97       AC: 10    Str: 10    XL:     11   Next: 16%
Magic:  11/19      EV: 15    Int: 19    God:    Vehumet [**....]
Gold:   436        SH:  0    Dex: 15    Spells: 3 memorised, 14 levels left

rFire  . . .     SeeInvis +     f - +2 hand axe (drain)
rCold  + . .     Clarity  .     (armour unavailable)
rNeg   . . .     SustAt   .     (no shield)
rPois  .         Gourm    .     (helmet restricted)
rElec  .         Spirit   .     c - +2 cloak
rCorr  .         Warding  .     (no gloves)
rMut   .         Stasis   .     (no boots)
MR     .....                    (no amulet)
Stlth  +.........               Q - ring of see invisible
                                j - +3 ring of dexterity

@: lethally poisoned (0 -> -2), not resistant to hostile enchantments, very
unstealthy
A: breathe frost, unfitting armour, cold resistance 1, cold-blooded, AC +7
a: Breathe Frost, Renounce Religion


You were on level 1 of the Lair of Beasts.
You worshipped Vehumet.
Vehumet was pleased with you.
You were not hungry.

You visited 3 branches of the dungeon, and saw 12 of its levels.
You also visited: Bailey.

You collected 541 gold pieces.
You spent 105 gold pieces at shops.

Inventory:

Hand Weapons
 d - a +0 dagger
 f - a +2 hand axe of draining (weapon)
 H - a +2 trident of flaming
Armour
 c - a +2 cloak (worn)
 N - a cursed +0 large shield
Magical Staves
 E - an uncursed staff of poison
Jewellery
 j - a +3 ring of dexterity (left hand)
 s - an uncursed ring of protection from fire
 z - an uncursed ring of stealth
 C - an uncursed ring of stealth
 I - an uncursed amulet of guardian spirit
 Q - a ring of see invisible (right hand)
Wands
 b - a wand of teleportation (1)
 v - a wand of confusion (23)
 D - a wand of draining (7)
 F - a wand of slowing (13)
 L - a wand of fireball (0)
Scrolls
 g - 5 scrolls of identify
 h - 2 scrolls of remove curse
 i - a scroll of enchant armour
 q - 2 scrolls of amnesia
 y - 3 scrolls of magic mapping
 K - a scroll of recharging {unknown}
 R - a scroll of teleportation
 S - a scroll of random uselessness {unknown}
Potions
 e - a potion of might
 k - a potion of magic {unknown}
 l - a potion of lignification
 m - 2 potions of flight
 p - a potion of curing
 r - 3 potions of haste {unknown}
 t - 2 potions of berserk rage {unknown}
 w - a potion of poison {unknown}
 x - 2 potions of cancellation {unknown}
 B - a potion of degeneration {unknown}
 G - a potion of invisibility {unknown}
 M - a potion of resistance
 O - a potion of cure mutation {unknown}
 P - a potion of beneficial mutation {unknown}
Books
 a - a book of Conjurations

   Spells                             Type                      Level
   a - Magic Dart                     Conjuration                  1
   b - Searing Ray                    Conjuration                  2
   c - Dazzling Spray                 Conjuration/Hexes            3
   d - Fulminant Prism                Conjuration/Hexes            4
   e - Iskenderun's Mystic Blast      Conjuration                  4
   f - Iskenderun's Battlesphere      Conjuration/Charms           5
 n - a book of Party Tricks

   Spells                             Type                      Level
   a - Summon Butterflies             Summoning                    1
   b - Apportation                    Translocation                1
   c - Tukima's Dance                 Hexes                        3
   d - Alistair's Intoxication        Transmutation/Poison         4
   e - Invisibility                   Hexes                        6
 A - the Volume of Creation
   (You found it on level 6 of the Dungeon)

   Spells                             Type                      Level
   a - Summon Butterflies             Summoning                    1
   b - Summon Lightning Spire         Summoning/Air                4
   c - Summon Forest                  Summoning/Translocation      5
 J - a book of Fire

   Spells                             Type                      Level
   a - Ignite Poison                  Fire/Transmutation/Poison    3
   b - Fireball                       Conjuration/Fire             5
   c - Bolt of Fire                   Conjuration/Fire             6
   d - Delayed Fireball               Conjuration/Fire             7
   e - Ring of Flames                 Charms/Fire                  7
Comestibles
 o - 6 meat rations
 u - 5 bread rations


   Skills:
 - Level 9.0 Fighting
 - Level 10.0 Axes
 - Level 5.3 Dodging
 - Level 1.7 Stealth
 + Level 5.5 Spellcasting
 * Level 9.4 Conjurations
 + Level 1.3 Ice Magic


You had 14 spell levels left.
You knew the following spells:

 Your Spells              Type           Power        Failure   Level  Hunger
a - Magic Dart            Conj           ####         1%          1    None
b - Iskenderun's Mystic   Conj           #####...     2%          4    ####...
c - Throw Frost           Conj/Ice       ####..       1%          2    None


Dungeon Overview and Level Annotations

Branches:
Dungeon (10/15)            Temple (1/1) D:6            Lair (1/8) D:8
    Orc: D:9-12

Altars:
Ashenzari
Cheibriados
Dithmenos
Elyvilon
Fedhas
Gozag
Kikubaaqudgha
Makhleb
Nemelex Xobeh
Okawaru
Qazlal
Ru
Sif Muna
Trog
Vehumet
Xom
Yredelemnul
Zin
The Shining One

Shops:
D:8 *

Annotations:
D:5 exclusions: giant gecko, slave and 5 more exclusions, Pikel, Prince Ribbit
D:10 Urug


Innate Abilities, Weirdness & Mutations

You can breathe waves of freezing cold.
You can buffet flying creatures when you breathe cold.
Your icy white scales are hard (AC +7).
Your body does not fit into most forms of armour.
Your flesh is cold resistant.
You are cold-blooded and may be slowed by cold attacks.


Message History

A komodo dragon comes into view.
A komodo dragon is nearby!
You start resting.
You feel sick.
You feel sick.
The komodo dragon hisses angrily.
You feel sick.
The komodo dragon hisses menacingly.
You feel sick.
You are no longer poisoned.
You enter the shallow water.
Moving in this stuff is going to be slow.
The wasp stings you.
You are poisoned.
You feel yourself slow down. The wasp misses you. The wasp closely misses you.
An adder comes into view.
You feel yourself speed up.
You feel sick. The wasp stings you but does no damage.
The komodo dragon bites you!!
You die...

......≈.≈..................
....≈≈≈≈≈≈≈≈..............
#.≈≈≈≈≈≈≈≈≈..........#.8.
#.≈≈≈≈≈≈≈≈≈..........#.†%
#.≈≈≈≈..≈≈S...........†††
#.≈≈≈.<.≈≈≈≈........##...
#≈≈≈≈≈≈.≈≈≈≈#..#...#.....
#≈≈≈≈≈≈≈≈≈≈......#.....##
#..≈≈≈≈≈@y.........8..##
#...≈≈≈≈l≈.......#..#....
#.#..≈≈..........##.###.#
#..######....####..#.# ..
## ####....###P....##
.........###.....#
#P.###..## ####P.# ##.
##..# ##.# # #..## #.#


You could see a komodo dragon, a wasp and an adder.

Vanquished Creatures
  A wolf spider (Lair:1)
  2 black mambas
  Joseph (D:8)
  Psyche (D:8)
  The ghost of Clownie the Covert, an amateur OpCK of Xom (D:4)
  Sigmund (D:3)
  A deep elf mage (D:9)
  A deep elf fighter (D:8)
  9 yaks
  A wyvern (Lair:1)
  Grum (D:8)
  A basilisk (D:8)
  9 wolves
  A water moccasin (D:9)
  An ice beast (D:9)
  2 black bears
  3 phantoms
  5 ogres
  6 centaurs
  2 crocodiles
  Blork the orc (D:5)
  A big kobold (D:8)
  2 wyvern zombies (D:6)
  3 jellies
  2 giant frogs
  6 scorpions
  A wyvern skeleton (D:10)
  5 killer bees (D:8)
  A crimson imp (D:5)
  2 giant frog zombies
  6 hounds
  2 orc priests
  A centaur zombie (D:7)
  Ijyb (D:3)
  Jessica (D:3)
  2 giant frog skeletons
  6 worker ants
  2 iguanas
  5 orc wizards
  A hound zombie (D:5)
  3 gnolls (D:4)
  7 adders
  7 river rats
  An adder zombie (D:6)
  An adder skeleton (D:4)
  3 worms
  5 giant geckos
  28 orcs
  15 bats
  2 giant cockroaches
  8 hobgoblins
  2 ball pythons
  A giant cockroach zombie (D:5)
  A giant gecko skeleton (D:4)
  3 giant newts (D:2)
  4 goblins
  7 kobolds
  A quokka (D:3)
  A quokka skeleton (D:5)
  13 rats
214 creatures vanquished.

Vanquished Creatures (others)
  A black bear (D:8)
  A kobold (D:8)
  A rat (D:8)
  12 fungi (D:8)
  12 plants
27 creatures vanquished.

Grand Total: 241 creatures vanquished

Notes
Turn   | Place    | Note
--------------------------------------------------------------
     0 | D:1      | RedPan the Draconian Conjurer began the quest for the Orb.
     0 | D:1      | Reached XP level 1. HP: 14/14 MP: 3/3
   292 | D:1      | Reached XP level 2. HP: 20/20 MP: 0/5
  1100 | D:2      | Found a glowing golden altar of the Shining One.
  1239 | D:2      | Reached XP level 3. HP: 19/26 MP: 1/7
  1614 | D:3      | Noticed Ijyb
  1618 | D:3      | Found an opulent altar of Gozag.
  1630 | D:3      | Killed Ijyb
  1827 | D:3      | Noticed Jessica
  1841 | D:3      | Reached XP level 4. HP: 21/33 MP: 5/9
  1845 | D:3      | Killed Jessica
  1911 | D:3      | Learned a level 4 spell: Iskenderun's Mystic Blast
  2148 | D:3      | Noticed Sigmund
  2153 | D:3      | Killed Sigmund
  2153 | D:3      | Reached skill level 5 in Conjurations
  2153 | D:3      | Reached XP level 5. HP: 23/38 MP: 10/12
  2153 | D:3      | Reached XP level 6. HP: 27/45 MP: 10/13
  2653 | D:3      | Reached skill level 5 in Spellcasting
  3214 | D:4      | Reached skill level 6 in Conjurations
  3574 | D:4      | Your scales start taking on an icy white colour.
  3574 | D:4      | Gained mutation: Your flesh is cold resistant. [White Draconian growth]
  3574 | D:4      | Reached XP level 7. HP: 32/50 MP: 5/14
  3700 | D:4      | Reached skill level 7 in Conjurations
  3862 | D:4      | Noticed Clownie's ghost (amateur OpCK)
  3889 | D:4      | Killed Clownie's ghost
  3889 | D:4      | Reached skill level 8 in Conjurations
  4186 | D:4      | Reached XP level 8. HP: 27/57 MP: 3/15
  4470 | D:5      | Entered Level 5 of the Dungeon
  4485 | D:5      | Noticed Pikel
  4504 | D:5      | Found a burning altar of Makhleb.
  4706 | D:5      | Reached skill level 9 in Conjurations
  4759 | D:5      | Noticed Prince Ribbit
  4871 | D:5      | Noticed Blork the orc
  4880 | D:5      | Killed Blork the orc
  4880 | D:5      | Reached skill level 1 in Fighting
  4880 | D:5      | Reached skill level 1 in Axes
  5644 | D:6      | Found a basalt altar of Yredelemnul.
  5671 | D:6      | Found a shimmering altar of Xom.
  5687 | D:6      | Identified the Volume of Creation
  6050 | D:6      | Found a staircase to the Ecumenical Temple.
  6057 | Temple   | Entered the Ecumenical Temple
  6517 | D:6      | Found a radiant altar of Vehumet.
  6524 | D:6      | Became a worshipper of Vehumet
  6945 | D:7      | Reached skill level 5 in Fighting
  7164 | D:7      | Reached XP level 9. HP: 74/74 MP: 5/16
  7693 | D:8      | Found a sparkling altar of Nemelex Xobeh.
  7694 | D:8      | Noticed Joseph
  7708 | D:8      | Killed Joseph
  7708 | D:8      | Reached skill level 5 in Axes
  7729 | D:8      | Noticed Psyche
  7747 | D:8      | Killed Psyche
  7868 | D:8      | Found a shattered altar of Ashenzari.
  8592 | D:8      | Found Murche Ynuwys's General Store.
  8595 | D:8      | Bought a scroll of enchant weapon for 105 gold pieces
  8621 | D:8      | Reached * piety under Vehumet
  8621 | D:8      | Offered knowledge of Shock by Vehumet.
  8782 | D:8      | Found a staircase to the Lair.
  8887 | D:8      | Noticed Grum
  8899 | D:8      | Killed Grum
  8899 | D:8      | Reached XP level 10. HP: 62/89 MP: 2/17
  9596 | D:9      | Found a flagged portal.
  9754 | Bailey   | Entered a bailey
  9754 | Bailey   | Noticed Poody's ghost (novice OgBe)
  9804 | D:9      | Found a sacrificial altar of Ru.
 10345 | D:9      | Found a snail-covered altar of Cheibriados.
 10345 | D:9      | Found a bloodstained altar of Trog.
 10347 | D:9      | Found a white marble altar of Elyvilon.
 10428 | D:10     | Entered Level 10 of the Dungeon
 10708 | D:10     | Noticed Urug
 11376 | Lair:1   | Entered Level 1 of the Lair of Beasts
 11925 | D:8      | Reached skill level 5 in Dodging
 12142 | Lair:1   | Reached XP level 11. HP: 59/97 MP: 3/18
 12225 | Lair:1   | Reached skill level 10 in Axes
 12255 | Lair:1   | Noticed a wolf spider
 12273 | Lair:1   | Killed a wolf spider
 12273 | Lair:1   | Reached ** piety under Vehumet
 12273 | Lair:1   | Offered knowledge of Throw Frost by Vehumet.
 12277 | Lair:1   | Learned a level 2 spell: Throw Frost
 12498 | Lair:1   | Noticed a black mamba
 12520 | D:8      | Killed a black mamba
 12520 | D:8      | Reached skill level 1 in Ice Magic
 12846 | Lair:1   | Noticed a black mamba
 12856 | Lair:1   | Killed a black mamba
 12916 | Lair:1   | Slain by a komodo dragon

Action                   |  1- 3 |  4- 6 |  7- 9 | 10-12 || total
-------------------------+-------+-------+-------+-------++-------
Melee: Dagger            |    57 |       |       |       ||    57
       Hand axe          |    27 |   115 |   305 |   237 ||   684
 Cast: Magic Dart        |    23 |    37 |    57 |    55 ||   172
       Iskenderun's Myst |       |     3 |    69 |    30 ||   102
       Throw Frost       |       |       |       |     7 ||     7
 Abil: Breathe Frost     |       |       |       |     2 ||     2
Evoke: Wand              |       |       |     7 |     6 ||    13
  Use: Scroll            |       |     6 |     9 |       ||    15
       Potion            |       |     1 |     2 |     3 ||     6
 Stab: Sleeping          |     3 |     3 |     2 |     2 ||    10
       Confused          |       |       |     4 |       ||     4
       Distracted        |       |       |       |     1 ||     1
  Eat: Bread ration      |     1 |       |       |     1 ||     2
       Chunk             |       |     5 |    21 |    12 ||    38
       Fruit             |       |       |     4 |       ||     4
       Beef jerky        |       |       |     2 |       ||     2
       Meat ration       |       |       |       |     1 ||     1
